 Dungeon Crawl Stone Soup version 0.17-a0-1650-gce8475a (webtiles) character file.

498 kae the Chiller (level 6, -4/41 HPs)
             Began as a Demonspawn Ice Elementalist on Aug 13, 2015.
             Was an Initiate of Vehumet.
             Slain by Pikel
             ... wielding a +1 whip of electrocution
              (17 damage)
             ... on level 4 of the Dungeon.
             The game lasted 00:06:49 (4978 turns).

kae the Chiller (Demonspawn Ice Elementalist)       Turns: 4978, Time: 00:06:49

Health: -4/41      AC:  8    Str:  8    XL:     6   Next: 94%
Magic:  2/11       EV: 11    Int: 18    God:    Vehumet [......]
Gold:   259        SH:  0    Dex: 14    Spells: 2 memorised, 9 levels left

rFire  . . .     SeeInvis .     (no weapon)
rCold  . . .     Clarity  .     a - +0 robe
rNeg   . . .     SustAt   .     (no shield)
rPois  .         Gourm    .     (no helmet)
rElec  .         Spirit   .     (no cloak)
rCorr  .         Warding  .     h - +2 pair of gloves
rMut   .         Stasis   .     (no boots)
MR     .....                    (no amulet)
Stlth  ++........               (no ring)
                                (no ring)

@: lethally poisoned (-4 -> -11), not resistant to hostile enchantments,
unstealthy
A: icy blue scales 2, powered by death 1, powered by pain 2
a: Renounce Religion


You were on level 4 of the Dungeon.
You worshipped Vehumet.
Vehumet was noncommittal.
You were near starving.

You visited 2 branches of the dungeon, and saw 6 of its levels.

You collected 259 gold pieces.

Inventory:

Armour
 a - a +0 robe (worn)
 h - a +2 pair of gloves (worn)
Jewellery
 o - an uncursed amulet of resist corrosion {unknown}
Magical devices
 t - a wand of random effects (13)
 u - a wand of digging (14)
Scrolls
 d - a scroll of recharging {unknown}
 e - 2 scrolls of identify
 f - a scroll of magic mapping {unknown}
 i - 4 scrolls of random uselessness {unknown}
 k - a scroll of enchant weapon {unknown}
 m - a scroll of enchant armour {unknown}
 p - a scroll of immolation {unknown}
 r - a scroll of fear {unknown}
 s - 2 scrolls of fog {unknown}
 v - a scroll of amnesia {unknown}
Potions
 j - a potion of ambrosia {unknown}
 n - a potion of degeneration {unknown}
 w - a potion of mutation {unknown}
Books
 b - a book of Frost

   Spells                             Type                      Level
   a - Freeze                         Ice                          1
   b - Throw Frost                    Conjuration/Ice              2
   c - Ozocubu's Armour               Charms/Ice                   3
   d - Throw Icicle                   Conjuration/Ice              4
   e - Summon Ice Beast               Ice/Summoning                4
   f - Condensation Shield            Ice                          4
Comestibles
 c - 4 bread rations
 g - 3 meat rations
 l - a beef jerky


   Skills:
 - Level 1.7 Dodging
 - Level 1.7 Stealth
 + Level 3.6 Spellcasting
 * Level 4.4 Conjurations
 * Level 5.0 Ice Magic


You had 9 spell levels left.
You knew the following spells:

 Your Spells              Type           Power        Failure   Level  Hunger
a - Freeze                Ice            ###.         1%          1    None
b - Throw Frost           Conj/Ice       ###...       3%          2    ##.....


Dungeon Overview and Level Annotations

Branches:
Dungeon (5/15)             Temple (1/1) D:4

Altars:
Ashenzari
Cheibriados
Dithmenos
Fedhas
Gozag
Kikubaaqudgha
Makhleb
Nemelex Xobeh
Okawaru
Ru
Sif Muna
Vehumet
Xom
Yredelemnul
Zin

Annotations:
D:4 Pikel


Innate Abilities, Weirdness & Mutations

You are mostly covered in icy blue scales (AC +3, EV -1).
You regenerate a little health from kills.
You sometimes gain power by taking damage.


Message History

Pikel is moderately wounded.
Pikel hits you but does no damage.
You see here 12 stones.
Casting: Freeze
Confirm with . or Enter, or press ? or * to list all spells.
Aiming: Freeze
Press: ? - help, Shift-Dir - straight line, f/p - Pikel
Aim: Pikel, wielding a whip of electrocution and wearing a robe (moderately wounded)
You freeze Pikel.
Pikel is severely wounded.
Pikel barely misses you.
You feel a little less mighty now.
You feel a little less clever now.
Drink which item? (? for menu, Esc to quit)
It was a potion of poison.
That liquid tasted very nasty...
You are poisoned.
You feel sick.
Pikel hits you with a whip of electrocution.
You are electrocuted!
You die...

### #.## ###########...
####################........##.##
#.....(........K@.....#####.##.#
#.##################..# #.##.#
#.# #...# #..# ###.##.# #.#
#...######..# #....#.#
#.#########...........# #....#.#
......................###....#.#
...########..................#.##
...# #...###.......####....#.#.
...# #...##........# #....#.#.


You could see Pikel.

Vanquished Creatures
  2 orc wizards (D:4)
  An iguana (D:4)
  2 orc priests
  Ijyb (D:2)
  3 worker ants
  7 adders
  7 gnolls
  2 oozes
  6 worms
  4 giant geckos
  11 orcs
  2 ball pythons
  2 giant cockroaches
  7 goblins
  4 hobgoblins
  9 jackals (D:3)
  7 kobolds
  A ball python skeleton (D:4)
  8 bats
  A giant newt (D:1)
  A quokka (D:2)
  A quokka skeleton (D:4)
  8 rats
  2 butterflies (D:4)
99 creatures vanquished.

Notes
Turn   | Place    | Note
--------------------------------------------------------------
     0 | D:1      | kae the Demonspawn Ice Elementalist began the quest for the Orb.
     0 | D:1      | Reached XP level 1. HP: 13/13 MP: 3/3
   792 | D:1      | Gained mutation: You sometimes gain a little power by taking damage. [demonic ancestry]
   792 | D:1      | Reached XP level 2. HP: 1/19 MP: 0/5
  1141 | D:2      | Learned a level 2 spell: Throw Frost
  1496 | D:2      | Reached skill level 3 in Ice Magic
  1550 | D:2      | Gained mutation: You are partially covered in icy blue scales (AC +1). [demonic ancestry]
  1550 | D:2      | Reached XP level 3. HP: 20/24 MP: 1/7
  1740 | D:2      | Found a snail-covered altar of Cheibriados.
  1754 | D:2      | Found an opulent altar of Gozag.
  1939 | D:2      | Noticed Ijyb
  1972 | D:2      | Killed Ijyb
  1972 | D:2      | Gained mutation: You sometimes gain power by taking damage. [demonic ancestry]
  1972 | D:2      | Reached XP level 4. HP: 13/30 MP: 0/8
  2663 | D:3      | Found a sacrificial altar of Ru.
  2680 | D:3      | Gained mutation: You regenerate a little health from kills. [demonic ancestry]
  2680 | D:3      | Reached XP level 5. HP: 21/35 MP: 2/9
  3083 | D:3      | Reached skill level 4 in Ice Magic
  3335 | D:3      | Found a blossoming altar of Fedhas.
  3737 | D:4      | Gained mutation: You are mostly covered in icy blue scales (AC +3, EV -1). [demonic ancestry]
  3737 | D:4      | Reached XP level 6. HP: 18/41 MP: 3/10
  3900 | D:4      | Found an ancient bone altar of Kikubaaqudgha.
  4394 | D:4      | Found a shimmering altar of Xom.
  4595 | D:4      | Found a staircase to the Ecumenical Temple.
  4691 | Temple   | Entered the Ecumenical Temple
  4732 | Temple   | Became a worshipper of Vehumet
  4890 | D:5      | Entered Level 5 of the Dungeon
  4891 | D:5      | Found an iron altar of Okawaru.
  4897 | D:5      | Reached skill level 5 in Ice Magic
  4929 | D:5      | Noticed Pikel
  4978 | D:4      | Slain by Pikel

Vault maps used:
D:1:      scummos_arrival_simple_fountains
D:2:      grunt_gozag_breadcrumbs, cheibriados_altar_1, first_bread, uniq_iyjb
D:3:      nicolae_ru_awakened_eye, nicolae_overflow_hidden_temple
D:4:      kiku_gazebo_pond_becter, xom_butterflies, temple_green, st_stairs_4
D:5:      nicolae_overflow_crystal_walls, overflow_temple_1_default, uniq_pikel
Temple:   minmay_temple_curvy_8

Action                   |  1- 3 |  4- 6 || total
-------------------------+-------+-------++-------
Melee: Unarmed           |    64 |   143 ||   207
 Cast: Freeze            |    72 |   147 ||   219
       Throw Frost       |     1 |     7 ||     8
  Use: Potion            |       |     2 ||     2
       Scroll            |       |     1 ||     1
 Stab: Sleeping          |     2 |       ||     2
  Eat: Chunk             |     4 |     8 ||    12
